 Dungeon Crawl Stone Soup version 0.31-a0-1101-g9ad1905e61 (webtiles) character file.

Game seed: 14615602827440078187

130 olaf the Shield-Bearer (level 5, -8/5 HPs)
             Began as a Gnoll Fighter on Dec 1, 2023.
             Killed from afar by Sigmund (13 damage)
             ... with a puff of flame
             ... on level 2 of the Dungeon on Feb 11, 2024.
             The game lasted 00:08:22 (2314 turns).

olaf the Shield-Bearer (Gnoll Fighter)              Turns: 2314, Time: 00:08:23

Health: -8/5       AC:  1    Str: 20    XL:     5   Next: 14%
Magic:  7/7        EV: 11    Int: 11    God:
Gold:   156        SH:  5    Dex:  9    Spells: 6/6 levels left

rFire   . . .        a - +0 flail
rCold   . . .        c - +0 buckler
rNeg    + . .        b - melded +0 scale mail
rPois   .            (no helmet)
rElec   .            n - +0 cloak
rCorr   .            (no gloves)
SInv    .            (no boots)
Will    .....        (no amulet)
Stlth   +            k - ring of positive energy
HPRegen 0.20/turn    (no ring)
MPRegen 0.10/turn

%: no passive effects
@: maw-form
A: devouring maw, reduced hp, fangs 1, strong nose, distributed training, clever
1, sense surroundings 1, strong 1
a: Begin Untransformation


You were on level 2 of the Dungeon.
You were a creature with a mouth for a stomach.
You visited 1 branch of the dungeon, and saw 3 of its levels.

You collected 156 gold pieces.

Inventory:

Hand Weapons
 a - a +0 flail (weapon)
 o - the +4 falchion of Mourning {drain, rPois rN+ Int+3}
   (You found it on level 3 of the Dungeon)

   Int+3:     It affects your intelligence (+3).
   rPois:     It protects you from poison rN+: It protects you from negative
   energy.
Armour
 b - a +0 scale mail (melded)
 c - a +0 buckler (worn)
 n - a +0 cloak (worn)
Jewellery
 k - a ring of positive energy (left hand)
 m - a ring of see invisible
Talismans
 e - a maw talisman (active)
Wands
 d - a wand of paralysis (22) (quivered)
Scrolls
 f - a scroll of teleportation
 g - a scroll of revelation
 h - a scroll of blinking {unknown}
 i - a scroll of vulnerability {unknown}
Potions
 j - a potion of haste {unknown}
 l - a potion of enlightenment
 p - a potion of mutation


   Skills:
 + Level 6.6 Fighting
 + Level 1.4 Short Blades
 + Level 1.4 Long Blades
 + Level 1.4 Axes
 + Level 4.7 Maces & Flails
 + Level 1.4 Polearms
 + Level 1.4 Staves
 + Level 1.4 Ranged Weapons
 + Level 1.4 Throwing
 + Level 6.6 Armour
 + Level 1.4 Dodging
 + Level 1.4 Stealth
 + Level 6.6 Shields
 + Level 1.4 Unarmed Combat
 + Level 1.4 Spellcasting
 + Level 1.1 Conjurations
 + Level 1.1 Hexes
 + Level 1.1 Summonings
 + Level 1.1 Necromancy
 + Level 1.1 Translocations
 + Level 1.1 Transmutations
 + Level 1.1 Fire Magic
 + Level 1.1 Ice Magic
 + Level 1.1 Air Magic
 + Level 1.1 Earth Magic
 + Level 1.1 Poison Magic
 + Level 1.5 Invocations
 + Level 1.4 Evocations
 + Level 1.2 Shapeshifting


You had 6 spell levels left.
You didn't know any spells.
Your spell library contained the following spells:

 Spells                   Type           Power      Damage    Failure   Level
 Magic Dart               Conj           12%        1d3       24%         1
 Call Imp                 Summ           6%         N/A       34%         2
 Mephitic Cloud           Conj/Pois/Air  3%         N/A       56%         3


Dungeon Overview and Level Annotations

Branches:
Dungeon (3/15)

Altars:

Shops:
D:1 !

Annotations:
D:2 Sigmund


Innate Abilities, Weirdness & Mutations

You are a creature with a mouth for a stomach.
Your midsection houses a second, enormous mouth.
Your maximum health is decreased, since you lack skill for your form.
You have very sharp teeth.
Your uncanny sense of smell can sniff out nearby items.
Your experience applies equally to all skills.
Your mind is acute. (Int +4, Str/Dex -1)
You passively map a small area around you.
Your muscles are strong. (Str +4, Int/Dex -1)


Message History

You feel a strange attunement to the structure of the dungeons.
You sock the ball python!
You kill the ball python!
You see here a ball python corpse.
Something hits you. Something burns you. Something hits you but does no damage.
You sock something! You bite something. Something hits you.
Something burns you.
You barely miss something. Something hits you. Something burns you.
You hit something.
You hear some strange, mumbled words.
A magic dart appears from out of thin air!
The magic dart hits you but does no damage.
You miss something. Something hits you. Something burns you.
You miss something. Something hits you! Something burns you.
You closely miss something.
Unknown command.
There is a strange disturbance nearby!
Okay, then.
Unknown command.
There is a strange disturbance nearby!
Something hits you but does no damage.
You begin transforming.
You continue transforming.
Something hits you. Something burns you.
* * * LOW HITPOINT WARNING * * *
You continue transforming. x2
Something hits you.
* * * LOW HITPOINT WARNING * * *
Something burns you.
* * * LOW HITPOINT WARNING * * *
You turn into a creature with a mouth for a stomach.
Your +0 scale mail melds into your body.
HP restored.
Unknown command.
You miss something. You bite something.
You hear some strange, mumbled words.
A puff of flame appears from out of thin air!
The puff of flame hits you!
Ouch! That really hurt!
You die...

#.# #.# #.#
#.# ######
.....# ∆
####.# , #.#
##########...
#.#
#.W{.........
#.#
#†########...
, ####.###
#.# *
..)....# #.#
* #.##.#.#
####.# ,
#....#.#
#....# +#
#.##.#.#
#.#### ...
.....#.#
#.#### * ....
#.####.#
#.##.## .....


There were no monsters in sight!

Vanquished Creatures
  Ijyb (D:3)
  An orc wizard (D:3)
  2 adders
  4 dart slugs
  4 orcs (D:3)
  7 bats
  8 endoplasms
  A giant cockroach (D:1)
  4 goblins
  4 hobgoblins
  3 quokkas
  6 ball pythons
  2 frilled lizards (D:2)
  3 kobolds
  3 rats
53 creatures vanquished.

Notes
Turn   | Place    | Note
-------+----------+-------------------------------------------
     0 | D:1      | olaf the Gnoll Fighter began the quest for the Orb.
     0 | D:1      | Reached XP level 1. HP: 23/23 MP: 1/1
   205 | D:1      | Reached XP level 2. HP: 20/29 MP: 2/2
   381 | D:1      | Found Muchixab's Distillery.
   607 | D:2      | Reached XP level 3. HP: 33/35 MP: 2/4
   732 | D:2      | Reached skill level 1 in Invocations
   871 | D:2      | You fall into a shaft and drop 1 floor!
   880 | D:3      | Noticed Ijyb
   887 | D:3      | Paralysed by Ijyb for 2 turns
   898 | D:3      | Paralysed by Ijyb for 4 turns
   903 | D:3      | Killed Ijyb
   904 | D:3      | Reached skill level 1 in Short Blades
   904 | D:3      | Reached skill level 1 in Long Blades
   904 | D:3      | Reached skill level 1 in Axes
   904 | D:3      | Reached skill level 1 in Polearms
   904 | D:3      | Reached skill level 1 in Staves
   904 | D:3      | Reached skill level 1 in Ranged Weapons
   904 | D:3      | Reached skill level 1 in Throwing
   904 | D:3      | Reached skill level 1 in Dodging
   904 | D:3      | Reached skill level 1 in Stealth
   904 | D:3      | Reached skill level 1 in Unarmed Combat
   904 | D:3      | Reached skill level 1 in Spellcasting
   904 | D:3      | Reached skill level 1 in Evocations
   904 | D:3      | Reached skill level 1 in Shapeshifting
   904 | D:3      | Reached XP level 4. HP: 24/41 MP: 5/5
  1459 | D:3      | Reached skill level 1 in Conjurations
  1459 | D:3      | Reached skill level 1 in Hexes
  1459 | D:3      | Reached skill level 1 in Summonings
  1459 | D:3      | Reached skill level 1 in Necromancy
  1459 | D:3      | Reached skill level 1 in Translocations
  1459 | D:3      | Reached skill level 1 in Transmutations
  1459 | D:3      | Reached skill level 1 in Fire Magic
  1459 | D:3      | Reached skill level 1 in Ice Magic
  1459 | D:3      | Reached skill level 1 in Air Magic
  1459 | D:3      | Reached skill level 1 in Earth Magic
  1459 | D:3      | Reached skill level 1 in Poison Magic
  1650 | D:3      | Reached XP level 5. HP: 45/47 MP: 6/6
  1759 | D:3      | Identified the +4 falchion of Mourning {drain, rPois rN+
                  | Int+3}
  2290 | D:2      | Noticed Sigmund
  2298 | D:2      | Gained mutation: Your mind is acute. (Int +4, Str/Dex -1)
                  | [potion of mutation]
  2298 | D:2      | Gained mutation: Your muscles are strong. (Str +4, Int/Dex
                  | -1) [potion of mutation]
  2298 | D:2      | Gained mutation: You passively map a small area around you.
                  | [potion of mutation]
  2314 | D:2      | Killed from afar by Sigmund

Illustrated notes

Levels and vault maps discovered:
D:1:      minmay_arrival_four_houses, layout_rooms, serial_shops,
          nicolae_shop_hallway_stairs
D:2:      layout_loops_corners, uniq_sigmund
D:3:      layout_basic, serial_rivers, chequers_serial_rivers_room_a,
          chequers_serial_rivers_room_a, chequers_serial_rivers_micro_b,
          chequers_serial_rivers_micro_d, minmay_bisected, uniq_ijyb

Skill      XL: |  1  2  3  4 |
---------------+-------------+-----
Invocations    | 1 |  1.5
Short Blades   | 1 |  1.4
Long Blades    | 1 |  1.4
Axes           | 1 |  1.4
Polearms       | 1 |  1.4
Staves         | 1 |  1.4
Ranged Weapons | 1 |  1.4
Throwing       | 1 |  1.4
Dodging        | 1 |  1.4
Stealth        | 1 |  1.4
Unarmed Combat | 1 |  1.4
Spellcasting   | 1 |  1.4
Evocations     | 1 |  1.4
Shapeshifting  | 1 |  1.2
Conjurations   | 1 |  1.1
Hexes          | 1 |  1.1
Summonings     | 1 |  1.1
Necromancy     | 1 |  1.1
Translocations | 1 |  1.1
Transmutations | 1 |  1.1
Fire Magic     | 1 |  1.1
Ice Magic      | 1 |  1.1
Air Magic      | 1 |  1.1
Earth Magic    | 1 |  1.1
Poison Magic   | 1 |  1.1
Fighting       | |  6.6
Maces & Flails | |  4.7
Armour         | |  6.6
Shields        | |  6.6

Action                     |  1- 3 |  4- 6 || total
---------------------------+-------+-------++-------
  Melee: Flail             |   100 |   103 ||   203
         Bite              |    11 |    10 ||    21
  Throw: Stone             |     8 |     8 ||    16
  Evoke: Wand              |       |     1 ||     1
    Use: Scroll            |     2 |     1 ||     3
         Potion            |     1 |     2 ||     3
   Stab: Invisible         |       |     3 ||     3
 Armour: Scale mail        |    63 |    79 ||   142
         Skin              |       |     1 ||     1
  Dodge: Dodged            |    41 |    37 ||    78
  Block: Buckler           |    23 |    26 ||    49
   Form: Maw               |       |     1 ||     1

Table legend: (Time is in decaauts)
 A = Elapsed time spent in this place.
 B = Non-inter-level travel time spent in this place.
 C = Inter-level travel time spent in this place.
 D = Time resting spent in this place.
 E = Time spent auto-exploring this place.
 F = Levels seen in this place.
 G = Mean time per level.
                   A        B        C        D        E       F      G
               +--------+--------+--------+--------+--------+-----+--------+
         Total |   2354 |   2301 |     53 |      0 |   1510 |   3 |  784.7 |
       Dungeon |   2354 |   2301 |     53 |      0 |   1510 |   3 |  784.7 |
               +--------+--------+--------+--------+--------+-----+--------+

Top non-repeatable levels by time:
     D:3: 1057 daAuts
     D:2: 705 daAuts
     D:1: 592 daAuts
